 Dungeon Crawl Stone Soup version 0.19.1 (webtiles) character file.

18 M4edhros the Grave Robber (level 2, -1/17 HPs)
             Began as an Octopode Necromancer on Dec 13, 2016.
             Slain by an adder (3 damage)
             ... on level 2 of the Dungeon.
             The game lasted 00:01:43 (382 turns).

M4edhros the Grave Robber (Octopode Necromancer)     Turns: 382, Time: 00:01:44

Health: -1/17      AC:  1    Str:  7    XL:     2   Next: 70%
Magic:  0/5        EV: 13    Int: 17    God:
Gold:   45         SH:  0    Dex: 12    Spells: 2 memorised, 3 levels left

rFire  . . .     SeeInvis .     d - +2 whip (elec)
rCold  . . .     Gourm    .     (no shield)
rNeg   . . .     Faith    .     (helmet restricted)
rPois  .         Spirit   .     (no amulet)
rElec  .         Reflect  .     (no ring)
rCorr  .         Harm     .     (no ring)
MR     .....                    (no ring)
Stlth  +++.......               (no ring)
                                (no ring)
                                (no ring)
                                (no ring)
                                (no ring)

@: lethally poisoned (-1 -> -9), very slightly contaminated
A: almost no armour, stealthy swim, amphibious, 8 rings, constrict 8, camouflage
1, gelatinous body 1
a: no special abilities


You were on level 2 of the Dungeon.
You were not hungry.

You visited 1 branch of the dungeon, and saw 2 of its levels.

You collected 45 gold pieces.

Inventory:

Hand Weapons
 d - a +2 whip of electrocution (weapon)
 e - a +1 short sword of venom
Scrolls
 c - a scroll of blinking {unknown}
 f - a scroll of recharging {unknown}
 g - a scroll of magic mapping {unknown}
 h - a scroll of teleportation {unknown}
Books
 a - a book of Necromancy

   Spells                             Type                      Level
   a - Pain                           Necromancy                   1
   b - Animate Skeleton               Necromancy                   1
   c - Vampiric Draining              Necromancy                   3
   d - Regeneration                   Charms/Necromancy            3
   e - Animate Dead                   Necromancy                   4
   f - Control Undead                 Necromancy                   4
Comestibles
 b - 4 bread rations


   Skills:
 - Level 2.0 Dodging
 - Level 2.6 Stealth
 + Level 2.2 Unarmed Combat
 - Level 2.0 Spellcasting
 - Level 4.0 Necromancy


You had 3 spell levels left.
You knew the following spells:

 Your Spells              Type           Power        Failure   Level  Hunger
a - Pain                  Necr           ###.         3%          1    #......
b - Animate Skeleton      Necr           N/A          3%          1    #......


Dungeon Overview and Level Annotations

Branches:
Dungeon (2/15)

Altars:
The Shining One


Innate Abilities, Weirdness & Mutations

You cannot wear most types of armour.
You are very stealthy in the water. (Stealth+)
You are amphibious.
You can wear up to eight rings at the same time.
You can use your tentacles to constrict eight enemies at once.
Your skin changes colour to match your surroundings (Stealth+).
Your rubbery body absorbs attacks. (AC +1, EV +1)


Message History

Aim: an adder (almost dead, chance to defeat MR: 80%)
You miscast Pain.
You are very lightly contaminated with residual magic.
You sense a malignant aura.
The adder bites you.
* * * LOW HITPOINT WARNING * * *
You are lethally poisoned!
The adder poisons you!
Casting: Pain
Confirm with . or Enter, or press ? or * to list all spells.
Aiming: Pain
Press: ? - help, Shift-Dir - straight line, f/p - adder
Aim: an adder (almost dead, chance to defeat MR: 80%)
The adder barely resists.
* * * LOW HITPOINT WARNING * * *
You feel sick. The adder completely misses you.
You barely miss the adder. Your grab misses the adder.
The adder is almost dead.
* * * LOW HITPOINT WARNING * * *
You feel sick. The adder bites you.
You die...

##'## #.# #♣...♣# .# #.#
#.....# .#..# #<# #♣...♣#
#.#.)######†## #.....
#.#.....[....# ###_###
#.##.######..# ###
#.##.........#
###S##.######.## #.@....#
#.#
#.######......######.#####
..........................
#....................#####
#######.......########
#.#####.# #.# #.# #.# #[#
... ..#


You could see an adder.

Vanquished Creatures
  An adder (D:2)
  A ball python (D:2)
  2 bats
  A frilled lizard (D:1)
  3 goblins (D:1)
  A kobold (D:2)
  2 rats
11 creatures vanquished.

Notes
Turn   | Place    | Note
-------+----------+-------------------------------------------
     0 | D:1      | M4edhros the Octopode Necromancer began the quest for the Orb.
     0 | D:1      | Reached XP level 1. HP: 11/11 MP: 3/3
   127 | D:1      | Reached skill level 1 in Unarmed Combat
   165 | D:2      | Found a glowing golden altar of the Shining One.
   191 | D:2      | Reached XP level 2. HP: 10/17 MP: 5/5
   375 | D:2      | Learned a level 1 spell: Animate Skeleton
   382 | D:2      | Slain by an adder

Skill      XL: |  1  2 |
---------------+-------+-----
Unarmed Combat | 1 2 |  2.2
Dodging        | |  2.0
Stealth        | |  2.6
Spellcasting   | |  2.0
Necromancy     | |  4.0

Action                   || total
-------------------------++-------
Melee: Whip              ||    20
       Unarmed           ||     3
       Constrict         ||     3
       Tentacles         ||     3
 Cast: Pain              ||     4
  Use: Scroll            ||     2
 Stab: Sleeping          ||     4
Armor: Skin              ||     1
Dodge: Dodged            ||    16
